Map: Platô Nevado

Players

Rockletz

  • Race: Terran Terran
  • Spawn Location: 6:00

Nicotina

  • Race: Zerg Zerg
  • League: Platinum
  • Spawn Location: 6:00

DuckKiller - Winner!

  • Race: Terran Terran
  • League: Diamond
  • Spawn Location: 12:00

efelinto - Winner!

  • Race: Protoss Protoss
  • League: Diamond
  • Spawn Location: 12:00

VOD

Have the link to the VOD?

Description

Time

  • Played on: April 14, 2017, 6:31 p.m.
  • Length: 18:17
Show
View Real Time Build Order
Export as new Build Order

Rockletz Terran 

Build Orders:  

Get SALT Encoding   

  12  0:01  SCV  
  13  0:13  SCV  
  14  0:19  Supply Depot  
  14  0:25  SCV  
  15  0:40  SCV  
  16  0:45  Barracks  
  16  0:52  SCV  
  17  0:57  Refinery  
  17  1:04  SCV  
  18  1:17  SCV  
  19  1:31  Orbital Command  
  19  1:32  Marine  
  20  1:35  Supply Depot  
  20  1:48  Command Center  
  20  1:50  Marine  
  21  1:58  SCV  
  22  2:08  Marine  
  23  2:25  Marine  
  24  2:37  SCV  
  24  2:43  Marine  
  26  2:59  SCV  
  27  3:05  Barracks  
  27  3:08  Barracks  
  27  3:10  Refinery  
  27  3:11  SCV  
  28  3:14  Orbital Command  
  28  3:17  Factory  
  28  3:20  Engineering Bay  
  28  3:22  Barracks Tech Lab  
  28  3:23  SCV  
  29  3:36  SCV  
  30  3:43  Marauder  
  30  3:48  SCV  
  33  3:52  Orbital Command  
  33  3:54  Barracks Tech Lab  
  33  3:55  Barracks Reactor  
  33  4:00  SCV  
  34  4:12  SCV  
  34  4:15  Refinery  
  35  4:19  Refinery  
  35  4:21  SCV  
  36  4:24  SCV  
  36  4:26  Marauder x2  
  36  4:29  Supply Depot  
  41  4:33  SCV  
  41  4:36  SCV  
  41  4:37  Engineering Bay  
  41  4:38  Supply Depot, Terran Infantry Weapons Level 1  
  43  4:40  Stimpack  
  43  4:42  Factory Tech Lab  
  43  4:45  SCV  
  44  4:46  Starport  
  44  4:48  SCV  
  44  4:51  Marauder  
  44  4:52  Marauder  
  49  4:54  Marine  
  49  4:55  Marine  
  49  4:57  SCV  
  52  5:00  SCV  
  52  5:02  Siege Tank  
  56  5:09  SCV  
  56  5:12  Marine, SCV  
  56  5:14  Marauder  
  61  5:18  Marine  
  61  5:21  Supply Depot  
  62  5:22  Supply Depot  
  62  5:24  Terran Infantry Armor Level 1  
  62  5:26  Armory  
  62  5:36  Missile Turret  
  62  5:39  Missile Turret  
  62  5:42  Marine  
  63  5:44  Missile Turret  
  63  5:47  Missile Turret  
  63  5:53  SCV x2  
  63  5:55  Marauder x2  
  69  5:58  Starport Reactor  
  69  6:01  Siege Tank  
  72  6:04  Marine  
  72  6:05  Marine, SCV x2  
  72  6:09  Supply Depot  
  76  6:14  Supply Depot  
  76  6:17  SCV  
  76  6:18  SCV  
  78  6:24  Marauder x2, Marine  
  78  6:25  Marine  
  84  6:33  Siege Tank  
  84  6:35  Medivac  
  89  6:51  Medivac  
  91  6:55  Marine  
  91  6:56  Marine  
  91  6:58  Marauder x2  
  91  7:00  SCV x2  
  99  7:14  Command Center  
  99  7:22  Marine  
  99  7:23  Marine  
  99  7:27  Supply Depot x2  
  101  7:38  Supply Depot  
  101  7:41  Terran Infantry Weapons Level 2  
  101  7:43  Medivac x2, Siege Tank, Marauder  
  110  7:45  Terran Vehicle Weapons Level 1  
  110  7:49  Marauder  
  112  8:53  Terran Infantry Armor Level 2  
  112  8:55  Supply Depot  
  112  9:02  Orbital Command  
  112  9:03  Medivac x2  
  112  9:06  Supply Depot  
  116  9:16  Missile Turret  
  116  9:18  Marine  
  116  9:19  Marauder, Marine x2  
  116  9:21  Missile Turret, Siege Tank  
  124  9:33  Medivac x2  
  124  9:37  Marauder  
  124  9:38  Missile Turret  
  130  9:46  Missile Turret  
  130  9:53  Siege Tank  
  133  10:05  Terran Infantry Weapons Level 3  
  133  10:07  Terran Vehicle Weapons Level 2  
  133  10:11  Supply Depot, Armory  
  133  10:13  Supply Depot  
  133  10:15  Supply Depot  
  133  10:19  SCV x2  
  133  10:20  SCV  
  136  10:23  Refinery  
  136  10:24  Refinery  
  136  10:25  Siege Tank  
  136  10:26  Marauder x2, Marine x2  
  145  10:31  SCV  
  145  10:32  SCV x2  
  148  10:43  Marine  
  148  10:44  SCV  
  132  11:13  Marine x3  
  132  11:14  Marauder  
  118  11:30  Marine  
  118  11:31  Marauder  
  113  11:35  Marauder  
  100  11:54  Marine x2  
  100  11:55  Marauder  
  100  11:56  Marauder  
  106  12:12  Marine x2  
  96  12:17  Marauder  
  88  12:29  Marine  
  86  12:30  Marine x2  
  86  12:32  Siege Tank  
  86  12:36  Barracks  
  84  12:37  Barracks, Marine  
  84  12:38  Barracks  
  84  12:41  Terran Infantry Armor Level 3  
  84  12:42  Barracks  
  84  12:43  Terran Vehicle And Ship Armor Level 1, Barracks, Terran Vehicle Weapons Level 3  
  85  12:47  Marine  
  85  12:48  Marine  
  87  12:56  Marauder  
  89  13:04  Siege Tank  
  89  13:05  Marauder  
  92  13:19  Factory, Marine x2  
  96  13:20  Marauder  
  96  13:26  Marauder  
  98  13:29  Medivac x2  
  98  13:32  Barracks Tech Lab  
  98  13:33  Barracks Reactor  
  102  13:35  Factory, Infernal Pre-Igniter  
  102  13:36  Siege Tank  
  102  13:37  Marine x2, SCV x3  
  112  13:41  Marauder  
  112  13:47  Marine  
  113  13:49  SCV x3  
  113  13:52  Command Center  
  116  14:01  Marine x3, SCV  
  116  14:02  Marauder x2  
  124  14:06  Marauder  
  124  14:08  Siege Tank  
  124  14:09  Marine x2  
  131  14:18  Marine  
  131  14:19  Marine x2  
  131  14:23  Marauder  
  131  14:24  Marauder  
  138  14:26  Marine  
  138  14:27  Marauder, Marine  
  142  14:36  Marine x2  
  145  14:40  Factory Reactor, Siege Tank  
  145  14:43  Barracks Reactor  
  145  14:44  Marauder, Marine  
  145  14:45  Marauder, Marine  
  152  14:46  Barracks Tech Lab  
  152  14:48  Marauder  
  155  14:54  Marine x2  
  157  15:06  Marauder x2  
  161  15:12  Widow Mine  
  163  15:15  Terran Vehicle And Ship Armor Level 2  
  163  15:18  Hi-Sec Auto Tracking  
  163  15:21  Planetary Fortress  
  163  15:29  Marine x2, Sensor Tower  
  163  15:30  Marauder x4, Marine x2  
  163  15:32  SCV x2  
  177  15:41  Siege Tank  
  180  15:45  Refinery x2  
  180  15:47  Marine x2  
  180  15:48  Hellbat x2  
  154  16:13  Siege Tank  
  154  16:17  Marine x2  
  125  16:18  Marauder x2  
  80  16:34  Marine x2  
  80  16:35  Marauder x2, Marine x2  
  80  16:39  Marauder  
  88  16:40  Marauder  
  86  16:52  Marine  
  78  16:56  Marauder x2  
  78  17:01  Marauder  
  81  17:02  Marine  
  81  17:03  Marauder, Marine  
  82  17:18  Marauder x2  
  82  17:21  Marine x2  
  86  17:23  Marine  
Show
View Real Time Build Order
Export as new Build Order

Nicotina Zerg 

Build Orders: Hatch First 

Get SALT Encoding   

  12  0:01  Drone  
  13  0:27  Overlord  
  13  0:29  Drone  
  14  1:08  Hatchery  
  13  1:30  Spawning Pool, Extractor  
  13  1:31  Drone x3  
  14  1:46  Drone  
  15  1:53  Drone  
  16  2:04  Overlord  
  16  2:15  Drone  
  16  2:16  Queen  
  19  2:22  Queen  
  19  2:23  Drone  
  19  2:26  Drone  
  23  2:38  Drone  
  23  2:39  Drone  
  25  2:45  Metabolic Boost  
  25  2:49  Drone  
  25  2:50  Drone  
  27  3:17  Zergling x4  
  29  3:21  Drone x3  
  32  3:29  Zergling x4  
  32  3:30  Zergling x4  
  32  3:33  Overlord  
  36  3:37  Extractor  
  36  3:38  Extractor  
  36  3:40  Drone x2  
  36  3:41  Extractor  
  35  3:43  Overlord  
  35  3:56  Drone x2  
  35  3:57  Drone x2  
  35  3:59  Drone  
  35  4:00  Drone  
  35  4:02  Drone  
  42  4:15  Drone x2  
  42  4:16  Drone  
  45  4:30  Drone  
  46  4:32  Drone x3  
  46  4:35  Drone x3  
  52  4:39  Overlord x2  
  52  4:42  Lair  
  52  4:47  Hatchery  
  51  5:11  Drone x3  
  51  5:12  Drone  
  55  5:18  Drone x6  
  55  5:19  Drone x3  
  55  5:21  Drone  
  63  5:37  Spore Crawler  
  62  5:48  Drone x3  
  65  5:59  Queen  
  65  6:02  Extractor  
  66  6:04  Drone  
  66  6:05  Drone x3  
  66  6:06  Drone x4  
  66  6:09  Overlord  
  74  6:17  Spire  
  73  6:24  Extractor  
  72  6:45  Overseer x2  
  72  6:55  Drone x3  
  72  6:57  Drone  
  76  7:30  Zerg Flyer Armor Level 1  
  76  7:31  Corruptor  
  76  7:32  Corruptor x2  
  82  7:37  Overlord  
  82  7:38  Overlord x6  
  63  8:06  Mutalisk x12  
  63  8:07  Mutalisk x8  
  97  8:45  Zergling x2  
  97  8:46  Zergling x12  
  104  9:01  Hatchery  
  103  9:05  Hatchery  
  102  9:14  Drone x4  
  102  9:15  Drone x5  
  111  9:28  Drone  
  112  9:35  Overlord x2  
  112  9:39  Zergling x2  
  112  9:40  Zergling x6  
  116  10:02  Corruptor  
  116  10:03  Corruptor x4  
  126  10:09  Zergling x12  
  132  10:14  Queen  
  132  10:17  Drone  
  135  10:39  Extractor  
  124  10:55  Zergling x24  
  92  11:22  Zergling x26  
  96  11:48  Corruptor x7  
  96  11:49  Corruptor  
  86  12:44  Zergling x2  
  86  12:45  Zergling x26  
  95  13:16  Extractor  
  95  13:17  Zergling x2  
  95  13:18  Zergling x16  
  95  13:19  Queen  
  105  13:34  Queen  
  105  13:40  Mutalisk x8  
  105  13:41  Mutalisk x2  
  127  14:02  Zerg Flyer Weapons Level 1  
  127  14:10  Overlord x5  
  127  14:11  Overlord x3  
  127  14:39  Corruptor  
  127  14:42  Zergling x18  
  127  14:43  Zergling x16  
  146  15:11  Baneling Nest  
  145  15:16  Drone x3  
  145  15:17  Drone  
  145  15:21  Drone x5  
  151  15:22  Drone  
  155  15:30  Zergling x22  
  155  15:31  Zergling x10  
  171  15:37  Overlord x3  
  171  15:56  Baneling  
  171  15:57  Baneling x19  
  171  15:58  Baneling x5  
  171  16:02  Lair  
  171  16:07  Zergling x8  
  171  16:08  Zergling x32  
  109  16:36  Zergling x20  
  109  16:37  Zergling x10  
  94  17:10  Zergling x2  
  94  17:11  Zergling x26  
  108  17:18  Infestation Pit  
  96  17:40  Zergling x2  
  96  17:41  Zergling x22  
Show
View Real Time Build Order
Export as new Build Order

DuckKiller Terran - Winner!

Build Orders: Liberator Opening, MMM Bio 

Get SALT Encoding   

  12  0:03  SCV  
  13  0:15  SCV  
  14  0:24  Supply Depot  
  14  0:27  SCV  
  15  0:34  Refinery  
  15  0:46  SCV  
  16  0:51  Barracks  
  16  0:58  SCV  
  17  1:10  SCV  
  18  1:23  SCV  
  19  1:31  Command Center  
  19  1:37  SCV  
  19  1:38  Marine  
  21  1:49  Orbital Command  
  21  2:00  Refinery  
  22  2:05  Barracks Tech Lab  
  21  2:08  Barracks  
  21  2:15  SCV  
  22  2:26  Factory  
  22  2:27  SCV  
  23  2:37  Stimpack  
  23  2:42  SCV  
  23  2:43  Supply Depot  
  24  2:55  SCV  
  24  2:58  Barracks Reactor, Marine  
  26  3:07  SCV  
  27  3:12  Starport  
  27  3:15  Factory Reactor  
  27  3:16  Marine  
  28  3:24  Refinery  
  28  3:33  Bunker  
  28  3:34  Marine  
  28  3:35  Orbital Command  
  28  3:38  SCV  
  30  3:46  Marine x2  
  32  3:55  Liberator, Engineering Bay  
  32  4:00  SCV  
  33  4:06  SCV  
  37  4:17  SCV  
  37  4:18  SCV  
  39  4:29  SCV  
  39  4:30  SCV  
  41  4:36  Refinery, Marine x3  
  44  4:41  SCV  
  44  4:42  SCV  
  46  4:46  Supply Depot  
  46  4:47  Terran Infantry Weapons Level 1  
  46  4:54  Combat Shields  
  46  4:59  Supply Depot  
  46  5:04  Armory  
  46  5:07  Medivac x2, SCV x2  
  52  5:19  SCV x2  
  54  5:23  Marine  
  54  5:24  Marine x2  
  57  5:31  SCV x2  
  59  5:37  Medivac  
  59  5:41  Marine  
  62  5:43  Medivac, Marine  
  62  5:47  Marine  
  62  5:48  SCV x2  
  65  5:51  Barracks  
  65  5:54  Supply Depot  
  65  5:55  Terran Vehicle Weapons Level 1  
  65  5:59  Marine  
  65  6:00  Supply Depot  
  65  6:01  Marine, SCV x2  
  69  6:05  Marine  
  69  6:10  Barracks  
  70  6:17  Marine  
  71  6:18  Marine  
  71  6:21  SCV x2  
  74  6:27  Medivac  
  74  6:28  Medivac  
  74  6:30  Factory Tech Lab, Barracks  
  78  6:33  SCV  
  78  6:34  Factory  
  79  6:40  SCV  
  79  6:45  SCV  
  81  6:47  Terran Infantry Weapons Level 2  
  81  6:52  Marine, SCV  
  83  6:55  Barracks  
  83  7:17  Marine x3  
  83  7:19  Factory Tech Lab  
  86  7:25  Barracks Tech Lab  
  86  7:27  Supply Depot  
  86  7:29  Supply Depot  
  86  7:30  Command Center  
  86  7:42  Barracks Tech Lab  
  86  7:43  Barracks Reactor  
  86  7:46  Barracks Reactor  
  86  7:48  Medivac x2, Marine x3  
  93  8:06  Marine x3  
  96  8:14  Marine x2  
  96  8:18  Medivac  
  94  8:24  Marine x4  
  94  8:25  Marine x3  
  94  8:32  Marine x2  
  86  8:42  Marine x7  
  86  8:45  Siege Tank  
  86  8:46  Siege Tank  
  99  8:49  Marine  
  99  8:50  Supply Depot, Marine  
  99  8:51  Terran Vehicle Weapons Level 2  
  99  8:53  Armory  
  101  8:59  Marine x3  
  101  9:00  Marine  
  105  9:02  Medivac  
  105  9:03  Medivac  
  105  9:06  SCV x2  
  111  9:10  Orbital Command  
  111  9:20  Marine  
  111  9:21  Marine  
  111  9:22  SCV  
  114  9:32  Marine x4  
  114  9:33  Refinery  
  114  9:37  Refinery  
  118  9:43  Barracks  
  118  9:46  Supply Depot  
  118  9:50  Supply Depot  
  118  9:54  Marine  
  118  9:55  Marine x6  
  125  10:08  Marine x2, SCV x3  
  125  10:12  Marine  
  125  10:13  Marine x6  
  137  10:22  Siege Tank  
  137  10:25  Marine  
  141  10:35  Marine  
  141  10:36  Marine x3  
  141  10:37  Marine  
  141  10:38  Marine  
  141  10:39  Siege Tank  
  131  10:45  Marine x3  
  131  10:53  Marine  
  131  10:54  Siege Tank, Marine x3  
  131  10:55  Marine  
  131  10:56  Marine  
  140  11:03  Marine  
  141  11:08  Marine  
  141  11:12  Marine  
  141  11:17  Marine x2  
  141  11:18  Marine  
  140  11:21  Thor  
  131  11:26  Thor  
  124  11:36  Marine  
  124  11:37  Marine x8  
  122  11:46  Thor  
  119  11:47  Medivac x2  
  119  11:50  Supply Depot  
  119  11:53  Marine  
  119  11:54  Marine  
  119  11:55  Marine x8  
  128  12:03  Thor  
  126  12:09  Thor  
  126  12:11  Marine  
  126  12:12  Marine x4  
  126  12:13  Marine x5  
  129  12:17  Medivac  
  131  12:29  Marine  
  130  12:30  Marine x9  
  130  12:35  SCV  
  130  12:36  SCV x2  
  142  12:42  Command Center  
  142  12:46  Marine  
  142  12:47  Marine  
  142  12:48  Marine x4  
  143  13:07  Marine x10  
  143  13:09  SCV  
  149  13:25  Thor, Marine x2  
  149  13:26  Marine x7  
  165  13:35  Medivac x2  
  165  13:40  Barracks Tech Lab  
  168  13:43  Marine  
  168  13:45  Terran Infantry Armor Level 1  
  169  13:51  Refinery  
  169  13:52  Refinery  
  169  13:53  Thor  
  175  14:05  Medivac x2  
  175  14:07  Marauder x3  
  185  14:15  Thor  
  185  14:16  Terran Vehicle Weapons Level 3  
  185  14:17  Terran Vehicle And Ship Armor Level 1  
  191  14:18  Engineering Bay  
  191  14:21  Planetary Fortress  
  191  14:27  Reaper  
  191  14:28  Marine x8  
  200  15:11  Terran Infantry Weapons Level 3  
  200  15:22  Barracks x2  
  200  15:25  Barracks  
  200  15:27  Barracks  
  154  16:25  Marine  
  154  16:26  Marine x11  
  133  16:42  Marine  
  133  16:43  Marine x2  
  133  16:44  Marine x11  
  145  16:49  Thor  
  145  16:52  Thor  
  151  17:00  Marine  
  151  17:01  Marine x2  
  149  17:02  Marine x11  
  158  17:18  Marine x2  
  158  17:19  Marine x5  
  158  17:20  Marine x7  
  167  17:36  Marine x2  
  164  17:37  Marine x8  
  164  17:38  Marine x4  
  155  17:54  Marine x3  
  155  17:55  Marine x11  
Show
View Real Time Build Order
Export as new Build Order

efelinto Protoss - Winner!

Build Orders: 1 Gate Expand 

Get SALT Encoding   

  12  0:01  Probe (Chrono Boost)  
  13  0:12  Probe (Chrono Boost)  
  14  0:22  Probe (Chrono Boost)  
  15  0:36  Pylon  
  15  0:54  Probe (Chrono Boost)  
  15  0:55  Gateway  
  16  1:03  Assimilator  
  16  1:05  Probe (Chrono Boost)  
  17  1:15  Probe (Chrono Boost)  
  18  1:26  Probe (Chrono Boost)  
  19  1:36  Probe (Chrono Boost), Nexus  
  20  1:45  Cybernetics Core  
  20  1:47  Probe (Chrono Boost)  
  21  1:58  Probe (Chrono Boost)  
  23  2:08  Probe (Chrono Boost)  
  23  2:44  Pylon, Warp Gate  
  23  2:48  Probe (Chrono Boost)  
  24  2:52  Probe (Chrono Boost)  
  25  3:00  Probe (Chrono Boost)  
  25  3:02  Assimilator, Probe (Chrono Boost)  
  26  3:06  Gateway  
  26  3:08  Gateway  
  26  3:09  Gateway  
  26  3:12  Probe (Chrono Boost)  
  27  3:20  Pylon  
  27  3:22  Probe (Chrono Boost)  
  27  3:24  Probe (Chrono Boost)  
  29  3:32  Probe (Chrono Boost)  
  30  3:36  Stalker  
  32  3:49  Assimilator  
  32  3:53  Probe (Chrono Boost), Stargate  
  33  3:58  Probe (Chrono Boost), Stalker  
  36  4:07  Twilight Council  
  36  4:13  Probe (Chrono Boost)  
  36  4:16  Assimilator  
  37  4:34  Phoenix  
  39  4:54  Probe (Chrono Boost)  
  39  4:56  Probe (Chrono Boost), Phoenix  
  39  4:59  Pylon  
  43  5:04  Probe (Chrono Boost), Sentry  
  46  5:10  Pylon  
  46  5:13  Pylon  
  46  5:18  Phoenix  
  46  5:19  Probe (Chrono Boost)  
  46  5:20  Pylon  
  47  5:25  Forge  
  47  5:27  Probe (Chrono Boost)  
  50  5:35  Stalker  
  50  5:36  Stalker x2  
  50  5:37  Stalker  
  50  5:38  Probe (Chrono Boost)  
  59  5:44  Probe (Chrono Boost), Oracle  
  63  5:50  Pylon  
  63  5:52  Pylon  
  63  5:56  Probe (Chrono Boost)  
  65  5:58  Probe (Chrono Boost)  
  65  6:05  Stalker  
  65  6:06  Probe (Chrono Boost)  
  65  6:07  Sentry  
  65  6:08  Stalker  
  65  6:11  Zealot  
  74  6:14  Void Ray  
  74  6:23  Probe (Chrono Boost)  
  79  6:29  Stalker  
  79  6:30  Stalker  
  79  6:31  Stalker  
  79  6:32  Stalker  
  87  6:53  Gateway  
  87  6:55  Gateway  
  87  6:56  Gateway  
  87  6:57  Gateway  
  87  7:22  Stalker x2  
  91  7:23  Zealot  
  93  7:31  Charge  
  93  7:32  Pylon x2, Protoss Ground Weapons Level 1  
  93  7:34  Pylon  
  93  7:36  Pylon  
  93  7:46  Nexus  
  93  7:52  Zealot x2  
  93  7:55  Zealot  
  99  8:07  Zealot x3  
  105  8:26  Phoenix  
  107  8:48  Phoenix  
  109  8:57  Zealot x2  
  109  8:58  Zealot x5  
  123  9:07  Probe (Chrono Boost)  
  123  9:08  Probe (Chrono Boost)  
  123  9:09  Probe (Chrono Boost), Phoenix  
  128  9:18  Probe x2 (Chrono Boost)  
  128  9:19  Zealot x2  
  128  9:21  Probe (Chrono Boost)  
  128  9:22  Zealot  
  137  9:31  Phoenix  
  137  9:34  Assimilator  
  139  9:38  Assimilator  
  139  9:42  Pylon  
  139  9:54  Phoenix  
  141  10:11  Stargate  
  141  10:15  Zealot  
  141  10:16  Zealot x3  
  149  10:23  Pylon  
  149  10:25  Pylon  
  149  10:27  Pylon  
  149  10:28  Pylon  
  149  10:31  Pylon  
  149  10:37  Nexus  
  149  10:38  Phoenix  
  141  11:00  Phoenix  
  64  11:14  Zealot x6  
  64  11:15  Zealot x2  
  78  11:21  Phoenix  
  73  11:36  Stalker x2  
  73  11:37  Zealot  
  73  11:38  Zealot x3  
  73  11:39  Zealot x2  
  86  11:43  Phoenix  
  87  12:03  Zealot x3  
  87  12:04  Zealot  
  87  12:05  Phoenix  
  79  12:27  Phoenix  
  77  12:34  Zealot x5  
  77  12:35  Zealot  
  91  12:40  Probe (Chrono Boost)  
  91  12:41  Probe (Chrono Boost)  
  91  12:42  Probe (Chrono Boost)  
  94  12:48  Phoenix  
  94  12:52  Zealot x2  
  100  13:07  Mothership Core (Chrono Boost)  
  100  13:10  Phoenix  
  104  13:22  Zealot  
  104  13:23  Zealot  
  104  13:26  Sentry  
  110  13:32  Phoenix  
  112  13:45  Stalker  
  112  13:46  Stalker x2  
  118  14:06  Zealot x3  
  124  14:24  Probe (Chrono Boost)  
  124  14:26  Probe (Chrono Boost)  
  124  14:27  Pylon  
  124  14:30  Pylon  
  126  14:34  Pylon  
  126  14:37  Assimilator  
  126  14:40  Assimilator  
  126  14:42  Sentry  
  126  14:43  Sentry  
  130  14:55  Sentry x2  
  130  14:56  Sentry x2  
  138  15:06  Sentry x4  
  146  15:22  Probe (Chrono Boost)  
  147  15:33  Nexus  
  147  15:41  Zealot x3  
  147  15:42  Zealot x2  
  157  15:57  Phoenix  
  95  16:18  Phoenix  
  79  16:26  Zealot x4  
  79  16:27  Zealot x2  
  61  16:40  Phoenix  
  61  16:44  Stalker x2  
  65  16:47  Sentry x4  
  65  16:48  Sentry x2  
  71  17:22  Stalker x6  
  81  17:23  Stalker  
  81  17:26  Probe (Chrono Boost)  
  81  17:29  Probe x2 (Chrono Boost)  
  87  17:30  Probe (Chrono Boost)  
  79  17:55  Adept x5  
  79  17:56  Adept  
Tags
 
Add a new tag
Caveats
  • Supply blocks, unpowered buildings, or Contaminate may cause inaccurate times.
  • Supply counts are checked every 10 seconds.